 Dungeon Crawl Stone Soup version 0.31-a0-986-g5e6e4ef867 (webtiles) character file.

Game seed: 5516622001820316998

152 mandarbmax the Conjurer (level 5, -7/28 HPs)
             Began as a Tengu Conjurer on Nov 6, 2023.
             Mangled by Duvessa
             ... wielding a +0 rapier
              (14 damage)
             ... on level 4 of the Dungeon.
             The game lasted 00:06:19 (2701 turns).

mandarbmax the Conjurer (Tengu Conjurer)            Turns: 2701, Time: 00:06:21

Health: -7/28      AC:  2    Str:  8    XL:     5   Next: 34%
Magic:  2/10       EV: 32    Int: 20    God:
Gold:   202        SH:  0    Dex: 18    Spells: 7/10 levels left

rFire   . . .        m - +2 dagger (elec)
rCold   . . .        (no shield)
rNeg    . . .        a - +0 robe
rPois   .            (helmet restricted)
rElec   .            (no cloak)
rCorr   .            (no gloves)
SInv    .            (boots unavailable)
Will    .....        (no amulet)
Stlth   ++           i - +6 ring of dexterity
HPRegen 0.24/turn    h - +5 ring of evasion
MPRegen 0.12/turn

%: acrobat
@: acrobatic
A: beak, talons 3, acrobatic
a: no special abilities


You were on level 4 of the Dungeon.
You visited 1 branch of the dungeon, and saw 4 of its levels.

You collected 226 gold pieces.
You spent 24 gold pieces at shops.

Inventory:

Hand Weapons
 d - a +0 dagger
 m - a +2 dagger of electrocution (weapon)
Armour
 a - a +0 robe (worn)
Magical Staves
 l - a staff of air
Jewellery
 h - a +5 ring of evasion (right hand)
 i - a +6 ring of dexterity (left hand)
Wands
 c - a wand of roots (6)
Scrolls
 e - a scroll of amnesia {unknown}
 g - a scroll of noise {unknown}
 j - 2 scrolls of vulnerability
 k - 2 scrolls of summoning
 n - a scroll of fear
 p - a scroll of blinking {unknown}
 q - a scroll of fog {unknown}
 r - a scroll of teleportation {unknown}
Potions
 b - a potion of magic
 f - 4 potions of brilliance {unknown}
 o - a potion of curing
 s - a potion of heal wounds {unknown}
 u - a potion of might {unknown}


   Skills:
 - Level 2.1 Dodging
 - Level 2.0 Stealth
 + Level 3.2 Spellcasting
 * Level 7.6 Conjurations


You had 7 spell levels left.
You knew the following spells:

 Your Spells              Type           Power      Damage    Failure   Level
a - Magic Dart            Conj           100%       1d8       1%          1
b - Searing Ray           Conj           66%        2d6       1%          2

Your spell library contained the following spells:

 Spells                   Type           Power      Damage    Failure   Level
 Dazzling Flash           Conj/Hex       36%        N/A       9%          3
 Fulminant Prism          Conj/Hex       9%         3d7       28%         4
 Iskenderun's Mystic Bla  Conj/Tloc      18%        2d6       28%         4


Dungeon Overview and Level Annotations

Branches:
Dungeon (4/15)
 Temple: D:4-7

Altars:

Shops:
D:1 ?

Annotations:
D:4 Duvessa


Innate Abilities, Weirdness & Mutations

You have a beak for a mouth.
You have claws for feet.
You can magically evade attacks while moving or waiting.


Message History

The searing ray hits the worm.
The worm is severely wounded.
The worm bites you.
The searing ray hits the worm.
The worm is almost dead.
The worm completely misses you.
The searing ray hits the worm!
You kill the worm!
You finish channelling your searing ray.
Your Spellcasting skill increases to level 3!
You feel your willpower return.
Your black bear dissolves into shadows!
Duvessa and Dowan come into view.
The helpless Dowan fails to defend himself.
You puncture Dowan! Lightning courses through Dowan! Your peck misses Dowan.
You punch Dowan, but do no damage.
Dowan is almost dead.
Dowan hits you with a +0 dagger.
Unknown command.
Casting: Searing Ray (safe; 1% risk of failure)
Confirm with . or Enter, or press ? or * to list all spells.
Aiming: Searing Ray (safe; 1% risk of failure)
Press: ? - help, Shift-Dir - straight line, f - Duvessa
Aim: Duvessa, wielding a +0 rapier and wearing a +0 leather armour (asleep, 100% to hit)
The searing ray hits Dowan!
You kill Dowan!
Duvessa screams in rage.
Duvessa goes berserk!
The searing ray hits Duvessa!
Duvessa is lightly wounded.
Duvessa shouts! (Press . to maintain the ray.)
You have reached level 5!
The searing ray hits Duvessa.
Duvessa is lightly wounded.
Your orc dissolves into shadows!
Duvessa hits you with a +0 rapier!
* * * LOW HITPOINT WARNING * * *
Duvessa hits you with a +0 rapier!
Ouch! That really hurt!
You die...

.# .# .# ### o#
###.. ###.####
####..######<.#....
#.#.....#.#.#..#
#e#.....#.#....#
#@#..†..#.##..#
###.....## #..#
####.#####..##
#....h....#
#######...# #...#
##.## #.# #.#


You could see Duvessa (berserk).

Vanquished Creatures
  Dowan (D:4)
  3 gnolls
  3 worms
  A dart slug (D:3)
  An orc (D:3)
  2 endoplasms
  9 goblins
  4 hobgoblins
  9 kobolds
  3 quokkas
  5 ball pythons
  9 bats
  2 frilled lizards (D:1)
  3 rats
55 creatures vanquished.

Vanquished Creatures (collateral kills)
  An adder (D:4)
  A giant cockroach (D:4)
2 creatures vanquished.

Grand Total: 57 creatures vanquished

Notes
Turn   | Place    | Note
-------+----------+-------------------------------------------
     0 | D:1      | mandarbmax the Tengu Conjurer began the quest for the Orb.
     0 | D:1      | Reached XP level 1. HP: 10/10 MP: 4/4
   208 | D:1      | Reached XP level 2. HP: 15/15 MP: 3/6
   249 | D:1      | Found a faded altar of an unknown god.
   576 | D:1      | Found Vass's Magic Scroll Boutique.
   579 | D:1      | Bought a scroll of identify for 24 gold pieces
   594 | D:1      | Reached skill level 6 in Conjurations
   632 | D:1      | Learned a level 2 spell: Searing Ray
   852 | D:2      | Reached XP level 3. HP: 19/19 MP: 2/7
  1953 | D:3      | Reached XP level 4. HP: 24/24 MP: 3/9
  2138 | D:3      | Reached skill level 7 in Conjurations
  2698 | D:4      | Noticed Duvessa
  2698 | D:4      | Noticed Dowan
  2700 | D:4      | Killed Dowan
  2701 | D:4      | Reached XP level 5. HP: 18/28 MP: 3/10
  2701 | D:4      | Mangled by Duvessa

Illustrated notes

Levels and vault maps discovered:
D:1:      psy_arrival_dodecagon, layout_loops_cross, serial_shops,
          nicolae_shop_real_fake_doors, basic_ecumenical_altar,
          minmay_stone_trees_small, st_stairs_6
D:2:      layout_basic
D:3:      layout_rooms, minivault_5
D:4:      layout_loops_cross, enter_ossuary_4, serial_undead, serial_undead_d,
          serial_undead_e, serial_undead_c, serial_undead_a, serial_undead_d,
          serial_undead_b, nicolae_houndstooth_variations, uniq_duvessa

Skill      XL: |  1  2  3  4 |
---------------+-------------+-----
Conjurations   | 6 7 |  7.6
Spellcasting   | 3 |  3.2
Dodging        | |  2.1
Stealth        | |  2.0

Action                     |  1- 3 |  4- 6 || total
---------------------------+-------+-------++-------
  Melee: Dagger            |       |     1 ||     1
         Punch             |       |     1 ||     1
   Cast: Magic Dart        |    71 |    25 ||    96
         Searing Ray       |     1 |     3 ||     4
    Use: Scroll            |     2 |     3 ||     5
   Stab: Sleeping          |       |     1 ||     1
 Armour: Robe              |     2 |     4 ||     6
  Dodge: Dodged            |     2 |     2 ||     4

Table legend: (Time is in decaauts)
 A = Elapsed time spent in this place.
 B = Non-inter-level travel time spent in this place.
 C = Inter-level travel time spent in this place.
 D = Time resting spent in this place.
 E = Time spent auto-exploring this place.
 F = Levels seen in this place.
 G = Mean time per level.
                   A        B        C        D        E       F      G
               +--------+--------+--------+--------+--------+-----+--------+
         Total |   2697 |   2580 |    117 |    121 |   2200 |   4 |  674.2 |
       Dungeon |   2697 |   2580 |    117 |    121 |   2200 |   4 |  674.2 |
               +--------+--------+--------+--------+--------+-----+--------+

Top non-repeatable levels by time:
     D:2: 935 daAuts
     D:3: 872 daAuts
     D:1: 847 daAuts
     D:4: 42 daAuts
